 Dungeon Crawl Stone Soup version 0.29-a0-322-g68df515428 (webtiles) character file.

Game seed: 16402365076279453168

277 kae the Firebug (level 6, -1/35 HPs)
             Began as a Tengu Fire Elementalist on Apr 8, 2022.
             Slain by a mummy (4 damage)
             ... on level 4 of the Dungeon.
             The game lasted 00:03:14 (4112 turns).

kae the Firebug (Tengu Fire Elementalist)           Turns: 4112, Time: 00:03:15

Health: -1/35      AC:  2    Str:  9    XL:     6   Next: 25%
Magic:  1/11       EV: 16    Int: 17    God:
Gold:   6          SH:  0    Dex: 20    Spells: 4/10 levels left

rFire   . . .      SeeInvis .   (no weapon)
rCold   . . .      Faith    .   (no shield)
rNeg    . . .      Spirit   .   a - +0 robe
rPois   .          Reflect  .   (helmet restricted)
rElec   .          Harm     .   (no cloak)
rCorr   .          Rampage  .   (no gloves)
Will    .....                   (boots unavailable)
Stlth   ++........              (no amulet)
HPRegen 0.11/turn               e - +6 ring of dexterity
MPRegen 0.12/turn               (no ring)

@: brilliant, flying quickly and evasively, hasted, very quick
A: beak, talons 3, nimble flight
a: no special abilities


You were on level 4 of the Dungeon.
You visited 1 branch of the dungeon, and saw 4 of its levels.
You also visited: Ossuary.

You collected 137 gold pieces.
You spent 131 gold pieces at shops.

Inventory:

Armour
 a - a +0 robe (worn)
 g - the +1 robe of Torod {Harm +Inv}
   (You bought it in a shop on level 3 of the Dungeon)

   +Inv:      It lets you turn invisible.
   Harm:      It increases damage dealt and taken.
Jewellery
 e - a +6 ring of dexterity (left hand)
 i - a ring of willpower
Scrolls
 f - a scroll of magic mapping
 k - a scroll of identify
Potions
 b - a potion of magic


   Skills:
 + Level 1.9 Fighting
 + Level 2.0 Armour
 + Level 3.4 Dodging
 - Level 2.0 Stealth
 + Level 2.8 Spellcasting
 + Level 3.0 Conjurations
 * Level 4.9 Fire Magic


You had 4 spell levels left.
You knew the following spells:

 Your Spells              Type           Power      Damage    Failure   Level
a - Foxfire               Conj/Fire      96%        2x1d8     3%          1
b - Scorch                Fire           56%        2d8       3%          2
c - Conjure Flame         Conj/Fire      24%        6-21      11%         3

Your spell library contained the following spells:

 Spells                   Type           Power      Damage    Failure   Level
 Inner Flame              Hex/Fire       16%        N/A       19%         3
 Flame Wave               Conj/Fire      24%        2d7       34%         4
 Gell's Gravitas          Tloc           3%         N/A       47%         3
 Lesser Beckoning         Tloc           3%         N/A       47%         3
 Teleport Other           Tloc           3%         N/A       47%         3
 Cause Fear               Hex            1%         N/A       87%         4
 Petrify                  Tmut/Erth      3%         N/A       87%         4
 Metabolic Englaciation   Hex/Ice        1%         N/A       99%         5
 Statue Form              Tmut/Erth      2%         N/A       100%        6
 Discord                  Hex            1%         N/A       100%        8


Dungeon Overview and Level Annotations

Branches:
Dungeon (4/15)            Ossuary (visited)
 Temple: D:4-7

Altars:
Hepliaklqana

Shops:
D:3 [:[


Innate Abilities, Weirdness & Mutations

You have a beak for a mouth.
You have claws for feet.
Your magical nature lets you fly swiftly and evasively.


Message History

The killer bee zombie barely misses you.
The killer bee zombie barely misses you.
A bog mummy comes into view.
The mummy closely misses you. x2
The killer bee zombie closely misses you.
Okay, then.
There is a gate leading back out of this place here.
The killer bee zombie is no longer more vulnerable to fire.
The killer bee zombie hits you.
* * * LOW HITPOINT WARNING * * *
The killer bee zombie hits you but does no damage.
Welcome back to the Dungeon!
There is a collapsed entrance here.
You hit the mummy. You claw the mummy.
The mummy is moderately damaged.
The mummy closely misses you.
Your magical contamination has completely faded away.
As you read the scroll labelled CUDDAMM QUNA, it crumbles to dust.
It is a scroll of enchant weapon.
You aren't carrying any weapons that can be enchanted.
Unknown command.
You're already flying!
Okay, then.
You aren't carrying any items that you can evoke.
You feel yourself speed up. The mummy misses you.
You barely miss the mummy.
The mummy is moderately damaged.
You barely miss the mummy. Your peck misses the mummy.
The mummy is moderately damaged.
The mummy hits you.
* * * LOW HITPOINT WARNING * * *
Casting: Scorch (safe; 3% risk of failure)
Confirm with . or Enter, or press ? or * to list all spells.
You feel a surge of power!
Flames lash the mummy.
The mummy is burned terribly!
The mummy is severely damaged.
The mummy's fire resistance burns away.
Casting: Scorch (safe; 3% risk of failure)
Confirm with . or Enter, or press ? or * to list all spells.
You feel a surge of power!
You conjure some foxfire!
The mummy hits you.
You die...

#....# .#.[.....##
#...$# _.........#
#....##
#.#........####.....#
..................#.###
#.....)...#..#...##...#
##...........##S....#
#...$.......##M##...#
.........<.##v@.##..#
............##v##..##
.............###...#
..............#..#..#
................#......
............[.....###...
..............##### ....
............### ...
....##)..#### ..


You could see a water moccasin and a mummy (combustible, ally target).

Vanquished Creatures
  A necrophage (D:4)
  Jessica (D:2)
  Natasha (D:3)
  An orc wizard (D:3)
  A mummy (Ossuary)
  2 adders
  A gnoll (D:2)
  3 worms
  2 dart slugs
  8 orcs
  12 endoplasms
  4 giant cockroaches
  11 goblins
  6 hobgoblins
  3 jackals
  5 kobolds
  7 quokkas
  4 ball pythons
  4 bats
  3 frilled lizards (D:1)
  6 rats
86 creatures vanquished.

Vanquished Creatures (others)
  270 foxfires
  A withered plant (Ossuary)
271 creatures vanquished.

Grand Total: 357 creatures vanquished

Notes
Turn   | Place    | Note
-------+----------+-------------------------------------------
     0 | D:1      | kae the Tengu Fire Elementalist began the quest for the
                  | Orb.
     0 | D:1      | Reached XP level 1. HP: 10/10 MP: 4/4
   350 | D:1      | Reached XP level 2. HP: 16/16 MP: 3/6
   850 | D:1      | Learned a level 2 spell: Scorch
   889 | D:1      | Found a faded altar of an unknown god.
   896 | D:1      | Reached XP level 3. HP: 20/20 MP: 4/7
   900 | D:1      | Learned a level 3 spell: Conjure Flame
  1320 | D:2      | Noticed Jessica
  1324 | D:2      | Killed Jessica
  1325 | D:2      | Reached skill level 1 in Fighting
  1325 | D:2      | Reached skill level 1 in Armour
  1325 | D:2      | Reached skill level 4 in Fire Magic
  1325 | D:2      | Reached XP level 4. HP: 25/25 MP: 4/8
  2780 | D:3      | Gained mutation: Your magical nature lets you fly swiftly
                  | and evasively. [Tengu growth]
  2780 | D:3      | Reached XP level 5. HP: 28/29 MP: 2/9
  3111 | D:3      | Found Zulauju's Antique Armour Boutique.
  3180 | D:3      | Noticed Natasha
  3185 | D:3      | HP: 1/29 [poisoned by a goblin (curare-tipped dart)]
  3193 | D:3      | Killed Natasha
  3704 | D:3      | Found Myfaf's Book Shoppe.
  3709 | D:3      | Found Jeqez's Antique Armour Emporium.
  3718 | D:3      | Bought an ancient robe for 131 gold pieces
  3718 | D:3      | Identified the +1 robe of Torod {Harm +Inv} (You bought it
                  | in a shop on level 3 of the Dungeon)
  3735 | D:4      | Found a hazy altar of Hepliaklqana.
  3897 | D:4      | Reached XP level 6. HP: 30/35 MP: 2/11
  4037 | D:4      | Found a sand-covered staircase.
  4065 | D:4      | Noticed a water moccasin
  4067 | Ossuary  | Entered an ossuary
  4112 | D:4      | Slain by a mummy

Illustrated notes

Levels and vault maps discovered:
D:1:      shiori_arrival_maze, layout_basic, ebering_ecumenical_altar_mist
D:2:      layout_rooms, st_stairs_11, eino_tiny_chamber, uniq_jessica
D:3:      layout_basic, serial_shops, shop, shop, nicolae_shop_trees,
          uniq_natasha
D:4:      layout_rooms, lemuel_crystal_altar, enter_ossuary_5

Skill      XL: |  1  2  3  4  5 |
---------------+----------------+-----
Fighting       | 1 |  1.9
Armour         | 1 2 |  2.0
Conjurations   | 2 3 |  3.0
Fire Magic     | 4 |  4.9
Dodging        | 3 |  3.4
Stealth        | |  2.0
Spellcasting   | |  2.8

Action                   |  1- 3 |  4- 6 || total
-------------------------+-------+-------++-------
Melee: Unarmed           |     2 |    11 ||    13
       Kick              |     1 |     5 ||     6
 Cast: Foxfire           |    53 |   112 ||   165
       Scorch            |     4 |    21 ||    25
  Use: Scroll            |     1 |     3 ||     4
       Potion            |       |     7 ||     7
 Stab: Sleeping          |       |     1 ||     1
Armor: Robe              |     1 |    13 ||    14
Dodge: Dodged            |    11 |    49 ||    60

Table legend: (Time is in decaauts)
 A = Elapsed time spent in this place.
 B = Non-inter-level travel time spent in this place.
 C = Inter-level travel time spent in this place.
 D = Time resting spent in this place.
 E = Time spent auto-exploring this place.
 F = Levels seen in this place.
 G = Mean time per level.
                   A        B        C        D        E       F      G
               +--------+--------+--------+--------+--------+-----+--------+
         Total |   4055 |   3937 |    118 |    428 |   2829 |   5 |  811.0 |
       Dungeon |   4018 |   3900 |    118 |    412 |   2829 |   4 | 1004.5 |
       Ossuary |     36 |     36 |      0 |     16 |      0 |   1 |   36.0 |
               +--------+--------+--------+--------+--------+-----+--------+

Top non-repeatable levels by time:
     D:2: 1392 daAuts
     D:1: 1240 daAuts
     D:3: 1170 daAuts
     D:4: 214 daAuts
 Ossuary: 36 daAuts
